[Event "Team 45 45 League T40"]
[Site "Internet Chess Club"]
[Date "2009.02.17"]
[Round "3"]
[White "bjc"]
[Black "AtomicDog"]
[Result "0-1"]
[WhiteElo "1311"]
[BlackElo "1365"]
[Opening "Sicilian: Taimanov variation"]
[ECO "B46"]
[Time "10:59:23"]
[TimeControl "2700+45"]

1. e4 c5 2. Nf3 Nc6 3. Nc3 e6 4. d4 cxd4 5. Nxd4 a6 6. Be3 Nf6 7. Be2 Be7 8. a3
O-O 9. g4 h6 10. Qd2 Nh7 11. O-O-O d5 12. exd5 exd5 13. f4 Nxd4 14. Bxd4 Nf6 15.
h4 Bxg4 16. Bxg4 Nxg4 17. Rhg1 Qd7 18. h5 Bf6 19. Rg2 Bxd4 20. Qxd4 f5 21. Nxd5
Qf7 22. Kb1 Rad8 23. c4 b5 24. b3 bxc4 25. bxc4 Rb8+ 26. Ka2 Rbd8 27. Re1 Rd7
28. Rge2 Qxh5 29. Ne7+ Rxe7 30. Rxe7 Nf6 31. Qg1 g5 32. fxg5 hxg5 33. c5 Nd5 34.
Ra7 Nc3+ 35. Kb3 Ne4 36. Kc4 Rc8 37. Rb1 Nd2+ 38. Kd4 Nf3+ 39. Kd5 Nxg1 40. Kd6
Qe8 41. Rbb7 Qf8+ 42. Ke5 Qxc5+ 43. Kf6 Qd6+ 44. Kxg5 Nf3+ 45. Kxf5 Rf8+ 46. Ke4
Qf4+ 47. Kd5 Qe5+ 48. Kc6 Nd4+ 49. Kd7 Rf7+ {White resigns} 0-1

[Event "Team 45 45 League T40"]
[Site "Internet Chess Club"]
[Date "2009.02.15"]
[Round "3"]
[White "Rubacchus"]
[Black "carolinaknight"]
[Result "1-0"]
[WhiteElo "1297"]
[BlackElo "1289"]
[Opening "Nimzo-Indian: classical, 4...c5"]
[ECO "E38"]
[Time "17:02:42"]
[TimeControl "2700+45"]

1. d4 e6 2. c4 Nf6 3. Nc3 Bb4 4. Qc2 c5 5. Nf3 h6 6. Bd2 Nc6 7. e3 b6 8. a3 Bxc3
9. Bxc3 Bb7 10. e4 d6 11. d5 Na5 12. b4 cxb4 13. axb4 Nxc4 14. Bxc4 Qc7 15. Bb5+
Nd7 16. Qd3 O-O 17. O-O e5 18. Rfc1 Qd8 19. Bc6 Bxc6 20. dxc6 Nf6 21. Bd2 Qc7
22. Nh4 Rfd8 23. f3 d5 24. exd5 Rxd5 25. Qe2 Re8 26. Bf4 exf4 27. Qa6 g5 28.
Qxa7 Re7 29. Qa8+ Rd8 30. Qb7 Qxb7 31. cxb7 Rxb7 32. Nf5 Rbd7 33. Nxh6+ Kg7 34.
Rc6 Rd1+ 35. Rxd1 Rxd1+ 36. Kf2 Rd2+ 37. Kg1 Nd5 38. Nf5+ Kg8 39. Rd6 Rd1+ 40.
Kf2 Rd2+ 41. Ke1 Rxg2 42. Rxd5 Rxh2 43. Rb5 Rh3 44. Nd4 Rh6 45. Rxg5+ Kf8 46.
Rf5 Rh1+ 47. Kd2 Rh2+ 48. Kc3 Rh1 49. Ne6+ Ke7 50. Nxf4 Rc1+ 51. Kb3 Re1 52. Ka4
Ra1+ 53. Kb5 Rb1 54. Nd5+ Ke6 55. Rh5 f6 56. Nxb6 Rf1 57. Rh3 Re1 58. f4 Rg1 59.
Kc5 Rc1+ 60. Nc4 Rd1 61. Rh5 {Black resigns} 1-0

[Event "Team 45 45 League T40"]
[Site "Internet Chess Club"]
[Date "2009.02.13"]
[Round "3"]
[White "yemisco1"]
[Black "Kravier"]
[Result "0-1"]
[WhiteElo "1503"]
[BlackElo "1598"]
[Opening "Queen's pawn game, Darooha variation "]
[ECO "D02"]
[Time "16:10:09"]
[TimeControl "2700+45"]

1. d4 Nf6 2. Nf3 d5 3. h3 Bf5 4. Nc3 e6 5. Bg5 Nbd7 6. e3 Bb4 7. Bd3 Bg6 8. O-O
Bxc3 9. bxc3 c5 10. Bxf6 Qxf6 11. Bb5 c4 12. Bxd7+ Kxd7 13. Rb1 b6 14. Re1 Bh5
15. e4 Bxf3 16. Qxf3 Qxf3 17. gxf3 Rhe8 18. e5 f6 19. f4 fxe5 20. fxe5 Rf8 21.
Re3 Rf5 22. Rg3 g6 23. Rf1 Raf8 24. Kg2 Rf4 25. f3 Kc6 26. Rg4 b5 27. Rxf4 Rxf4
28. Kg3 g5 29. Rh1 h5 30. h4 Rf5 31. hxg5 Rxg5+ 32. Kf2 Rf5 33. Rh4 Kb6 34. Ke3
Ka5 35. Rf4 Rg5 36. Kf2 b4 37. Rf6 bxc3 38. Rxe6 h4 39. Rh6 Ka4 40. e6 Rg7 41.
Rxh4 Re7 42. Rh6 Ka3 43. f4 Kb2 44. f5 Kxc2 45. f6 Rxe6 46. a3 Re8 47. f7 Rf8
48. Rf6 Kb2 49. Kg3 c2 50. Rf2 Kb1 51. Rxc2 Kxc2 52. Kf4 Rxf7+ 53. Ke5 Kb3 54.
Ke6 Rh7 55. Kxd5 c3 56. Kc6 Kxa3 57. d5 c2 58. d6 c1=Q+ 59. Kd5 Qg5+ 60. Kc6
Qg2+ 61. Kc5 Rh5+ 62. Kc4 Qd5+ 63. Kc3 Rh3+ 64. Kc2 Qg2+ 65. Kd1 Rh1# {White
checkmated} 0-1

[Event "Team 45 45 League T40"]
[Site "Internet Chess Club"]
[Date "2009.02.12"]
[Round "3"]
[White "kublai"]
[Black "Aquaman"]
[Result "0-1"]
[WhiteElo "1485"]
[BlackElo "1422"]
[Opening "Kevitz-Trajkovich defense"]
[ECO "A50"]
[Time "17:00:14"]
[TimeControl "2700+45"]

1. d4 Nf6 2. c4 Nc6 3. Nc3 e5 4. d5 Ne7 5. e4 Ng6 6. Be3 Bb4 7. f3 Bxc3+ 8. bxc3
O-O 9. Bd3 d6 10. Qd2 h6 11. Ne2 Nd7 12. O-O b6 13. Rab1 Ba6 14. Ng3 Ne7 15. Nh5
Ng6 16. f4 exf4 17. Nxf4 Nge5 18. Rb4 Ng4 19. Rb2 Nxe3 20. Qxe3 Ne5 21. Rb4 Qg5
22. Ra4 Bc8 23. Be2 a5 24. Qf2 Bd7 25. Ra3 Bg4 26. Qg3 Bxe2 27. Qxg5 hxg5 28.
Nxe2 Nxc4 29. Rb3 Nd2 30. Rb2 Nxf1 31. Kxf1 f6 32. Nd4 Rf7 33. Ke2 g6 34. g4 Rd7
35. Rb1 Re7 36. Ne6 Rb8 37. a4 c6 38. c4 cxd5 39. cxd5 Kf7 40. Ke3 Reb7 41. Nd4
Rh8 42. Rb2 Rh3+ 43. Nf3 f5 44. Rf2 fxg4 {White resigns} 0-1

[Event "Team 45 45 League T40"]
[Site "Internet Chess Club"]
[Date "2009.02.16"]
[Round "3"]
[White "nozmov"]
[Black "SigmaSquared"]
[Result "0-1"]
[WhiteElo "1413"]
[BlackElo "1395"]
[Opening "KGA: Muzio gambit"]
[ECO "C37"]
[Time "16:00:32"]
[TimeControl "2700+45"]

1. f4 e5 2. e4 exf4 3. Nf3 g5 4. Bc4 g4 5. O-O gxf3 6. Qxf3 Qf6 7. d3 d5 8. exd5
Bd6 9. Nc3 Ne7 10. Ne4 Qd4+ 11. Kh1 Ng6 12. Nxd6+ cxd6 13. c3 Qf6 14. g3 O-O 15.
Bxf4 Nxf4 16. gxf4 Kh8 17. Rg1 Rg8 18. Rxg8+ Kxg8 19. Rg1+ Kf8 20. Qg3 Qh8 21.
Re1 Bd7 22. a4 Na6 23. Bb5 Bxb5 24. axb5 Nc7 25. Qg5 Re8 26. Qh6+ Qg7 27. Rxe8+
Nxe8 28. Qxg7+ Kxg7 29. Kg2 Kg6 30. Kf3 Kf5 31. b4 Nf6 32. c4 b6 33. h3 Nh5 34.
c5 bxc5 35. bxc5 dxc5 36. d6 Nf6 37. Ke3 Ke6 {White resigns} 0-1

[Event "Team 45 45 League T40"]
[Site "Internet Chess Club"]
[Date "2009.02.12"]
[Round "3"]
[White "simonson"]
[Black "reverendjim"]
[Result "0-1"]
[WhiteElo "1319"]
[BlackElo "1306"]
[Opening "Réti opening"]
[ECO "A06"]
[Time "23:00:26"]
[TimeControl "2700+45"]

1. Nf3 d5 2. e3 Nf6 3. c4 c6 4. Nc3 Bg4 5. cxd5 cxd5 6. Bb5+ Bd7 7. Bxd7+ Nbxd7
8. Qb3 Nb6 9. Qb5+ Qd7 10. Qxd7+ Nbxd7 11. Nb5 Kd8 12. b3 h6 13. Bb2 a6 14. Nbd4
e6 15. Rc1 Rc8 16. Bc3 Bb4 17. O-O Bxc3 18. dxc3 g6 19. b4 e5 20. Ne2 b5 21.
Rfd1 Ke7 22. h3 Ke6 23. Ng3 g5 24. Nh2 h5 25. Nf3 Rhg8 26. Rd3 Nb6 27. Rcd1 e4
28. Nd4+ Ke5 29. Ngf5 exd3 30. Ne7 Rxc3 31. Nxg8 Nxg8 32. Nf3+ Kf5 33. g4+ hxg4
34. hxg4+ Kf6 35. Nd4 Ne7 36. Kg2 Nc4 37. Nb3 Nc6 38. Nc5 d2 39. Nxa6 Rc1 40.
Rxd2 Nxd2 41. Nc5 Nxb4 42. Nd7+ Ke7 43. Ne5 Nxa2 {White resigns} 0-1

[Event "Team 45 45 League T40"]
[Site "Internet Chess Club"]
[Date "2009.02.15"]
[Round "3"]
[White "Fezzik"]
[Black "AntonioMendonca"]
[Result "0-1"]
[WhiteElo "1978"]
[BlackElo "1745"]
[Opening "King's Indian: orthodox, Aronin-Taimanov, 9.Ne1"]
[ECO "E98"]
[Time "17:00:25"]
[TimeControl "2700+45"]

1. Nf3 Nf6 2. c4 g6 3. Nc3 Bg7 4. e4 d6 5. d4 O-O 6. Be2 e5 7. O-O Nc6 8. d5 Ne7
9. Ne1 Nd7 10. Be3 f5 11. f3 f4 12. Bf2 g5 13. Nb5 b6 14. b4 Nf6 15. c5 a6 16.
cxd6 cxd6 17. Na3 b5 18. Rc1 Bd7 19. Nb1 h5 20. a4 g4 21. a5 Rc8 22. Bb6 Rxc1
23. Bxd8 Rxd1 24. Bxe7 Rxb1 25. Bxd6 Re8 26. Nd3 Rxf1+ 27. Kxf1 Nh7 28. Kf2 Nf8
29. Bf1 Ng6 30. Nc5 Bc8 31. Bc7 h4 32. d6 g3+ 33. hxg3 hxg3+ 34. Ke1 Nf8 35. Kd2
Nd7 36. Bxb5 axb5 37. a6 Nxc5 38. a7 Bb7 39. bxc5 Bc6 40. Kc3 Bf6 41. Kb4 Ra8
42. Bb6 Bd8 43. Bc7 Bxc7 44. dxc7 Bd7 45. Ka5 Rxa7+ 46. Kb6 Ra2 47. Kb7 Rc2
{White resigns} 0-1

[Event "Team 45 45 League T40"]
[Site "Internet Chess Club"]
[Date "2009.02.15"]
[Round "3"]
[White "rayngrant"]
[Black "AronT"]
[Result "0-1"]
[WhiteElo "1519"]
[BlackElo "1804"]
[Opening "French: Winawer, advance, positional main line"]
[ECO "C19"]
[Time "07:01:49"]
[TimeControl "2700+45"]

1. e4 e6 2. d4 d5 3. Nc3 Bb4 4. e5 c5 5. a3 Bxc3+ 6. bxc3 Ne7 7. Nf3 Nbc6 8. Be2
O-O 9. O-O Nf5 10. Bd3 Qb6 11. Bxf5 exf5 12. Be3 c4 13. Qd2 Bd7 14. Rfb1 Qc7 15.
Bf4 Be6 16. a4 Qd7 17. a5 f6 18. exf6 Rxf6 19. Ne5 Nxe5 20. Bxe5 Rg6 21. f4 Rc8
22. Rb4 h6 23. Rab1 Qd8 24. Rxb7 Qxa5 25. Re7 Rf8 26. Rbb7 Qa1+ 27. Kf2 Bf7 28.
g3 Qh1 29. Ke3 Qe4+ 30. Kf2 Qh1 31. Ke3 h5 32. Qf2 h4 33. Rxa7 hxg3 34. hxg3
Qc1+ 35. Kf3 Qd1+ 36. Kg2 Rh6 37. Qg1 Qe2+ {White resigns} 0-1

[Event "Team 45 45 League T40"]
[Site "Internet Chess Club"]
[Date "2009.02.15"]
[Round "3"]
[White "Thersites"]
[Black "allanchs"]
[Result "0-1"]
[WhiteElo "1722"]
[BlackElo "1553"]
[Opening "Ruy Lopez: closed, Chigorin defense"]
[ECO "C97"]
[Time "12:00:09"]
[TimeControl "2700+45"]

1. e4 e5 2. Nf3 Nc6 3. Bb5 a6 4. Ba4 Nf6 5. O-O Be7 6. Re1 b5 7. Bb3 d6 8. h3
O-O 9. c3 Na5 10. Bc2 c5 11. d4 Qc7 12. Nbd2 Bd7 13. b3 Rac8 14. d5 Ne8 15. Nf1
f5 16. exf5 Bxf5 17. Bxf5 Rxf5 18. Qd3 Rf7 19. Ng3 c4 20. Qc2 Nb7 21. b4 Qd7 22.
Bg5 h6 23. Bxe7 Qxe7 24. Nf5 Qd7 25. N3h4 Nf6 26. Rad1 Re8 27. Re3 e4 28. Ng6
Qxf5 {White resigns} 0-1

[Event "Team 45 45 League T40"]
[Site "Internet Chess Club"]
[Date "2009.02.15"]
[Round "3"]
[White "Rhel"]
[Black "Stap-L"]
[Result "1/2-1/2"]
[WhiteElo "1588"]
[BlackElo "1750"]
[Opening "King's Indian: Averbakh, main line"]
[ECO "E75"]
[Time "14:31:30"]
[TimeControl "2700+45"]

1. d4 Nf6 2. c4 g6 3. Nc3 Bg7 4. e4 d6 5. Be2 O-O 6. Bg5 c5 7. d5 e6 8. Qd2 exd5
9. exd5 Re8 10. Nf3 Bg4 11. O-O Nbd7 12. h3 Bxf3 13. Bxf3 a6 14. a4 Qc7 15. Rae1
Ne5 16. Be2 Re7 17. f4 Ned7 18. Bf3 Rae8 19. Rxe7 Rxe7 20. Re1 Nb6 21. b3 Qd7
22. Rxe7 Qxe7 23. Ne4 Nxe4 24. Qe1 f6 25. Bh4 g5 26. fxg5 fxg5 27. Bf2 Nd7 28.
Qxe4 Qxe4 29. Bxe4 h6 30. Bf5 Ne5 31. Bc8 b6 32. Bxa6 Nd3 33. Be3 Nb4 34. Bc8
Nc2 35. Bd2 Bd4+ 36. Kf1 Bb2 37. Bg4 Ba3 38. a5 bxa5 39. Bxa5 Kf8 40. Bd8 Nd4
41. Bd1 Nf5 42. Ke2 Bc1 43. Ke1 Ne3 44. Bf3 {Game drawn by mutual agreement}
1/2-1/2

[Event "Team 45 45 League T40"]
[Site "Internet Chess Club"]
[Date "2009.02.15"]
[Round "3"]
[White "A-Ru"]
[Black "Stav"]
[Result "1-0"]
[WhiteElo "1775"]
[BlackElo "1818"]
[Opening "Philidor: Improved Hanham variation"]
[ECO "A46"]
[Time "16:03:54"]
[TimeControl "2700+45"]

1. d4 Nf6 2. Nf3 d6 3. Nc3 Nbd7 4. e4 e5 5. d5 Be7 6. h3 O-O 7. Be3 Ne8 8. Nd2
Bg5 9. Qe2 Bxe3 10. Qxe3 f5 11. f3 Qh4+ 12. Qf2 Qxf2+ 13. Kxf2 fxe4 14. Ncxe4
Nef6 15. c4 Nxe4+ 16. Nxe4 Nf6 17. Bd3 Nxe4+ 18. Bxe4 Bd7 19. Rad1 Rf4 20. Rd2
Raf8 21. Re1 b6 22. Ke3 h6 23. Rc1 a5 24. b3 g5 25. g4 Kg7 26. Rh1 Rh8 27. h4
Rff8 28. Rdh2 Be8 29. hxg5 hxg5 30. Rh7+ Rxh7 31. Rxh7+ Kf6 32. Rxc7 b5 33. c5
dxc5 34. d6 Ke6 35. d7 Bxd7 36. Bf5+ Rxf5 37. gxf5+ Kd6 38. f6 Be6 39. f7 Bxf7
40. Rxf7 a4 41. bxa4 b4 42. Ke4 c4 43. Rb7 {Black resigns} 1-0

[Event "Team 45 45 League T40"]
[Site "Internet Chess Club"]
[Date "2009.02.16"]
[Round "3"]
[White "ghostfire"]
[Black "Marichan"]
[Result "1-0"]
[WhiteElo "1849"]
[BlackElo "1808"]
[Opening "Pirc defense"]
[ECO "B07"]
[Time "17:01:29"]
[TimeControl "2700+45"]

1. e4 d6 2. d4 Nf6 3. Nc3 g6 4. Be3 Bg7 5. Qd2 O-O 6. Bh6 c6 7. h4 b5 8. h5 b4
9. Nce2 Nxe4 10. Qe3 Nf6 11. hxg6 fxg6 12. Bxg7 Kxg7 13. Qh6+ Kg8 14. Nf4 Qe8
15. Bd3 e5 16. Nxg6 exd4+ 17. Kd1 Rf7 18. Nf3 Bg4 19. Nf4 Qf8 20. Qh4 Nbd7 21.
Kd2 Bxf3 22. gxf3 Ne5 23. Rag1+ Kh8 24. Qxf6+ Rg7 25. Rxh7+ Kg8 26. Rgxg7+
{Black resigns} 1-0

[Event "Team 45 45 League T40"]
[Site "Internet Chess Club"]
[Date "2009.02.14"]
[Round "3"]
[White "Kingofknights"]
[Black "Razorbackchess"]
[Result "1-0"]
[WhiteElo "1767"]
[BlackElo "1762"]
[Opening "King's Indian: Sämisch, 5...O-O"]
[ECO "E81"]
[Time "18:13:36"]
[TimeControl "2700+45"]

1. d4 Nf6 2. c4 g6 3. Nc3 Bg7 4. e4 d6 5. f3 O-O 6. Be3 c5 7. dxc5 dxc5 8. Bxc5
Nc6 9. a3 Nd7 10. Be3 Qa5 11. Qd2 Rd8 12. Nge2 Nde5 13. Nd4 Nxd4 14. Bxd4 Nxf3+
15. gxf3 Bxd4 16. Rd1 Bxc3 17. Qxc3 Qxc3+ 18. bxc3 Rxd1+ 19. Kxd1 Be6 20. Kc2
Rc8 21. Kb3 b5 22. Be2 bxc4+ 23. Kb4 Rb8+ 24. Kc5 Rb3 25. Rc1 Rxa3 26. Bxc4 Ra5+
27. Kb4 Re5 28. Bxe6 Rxe6 29. c4 Kf8 30. Kc5 Rb6 31. Ra1 Rb7 32. Kc6 Rb6+ 33.
Kc7 Rb2 34. c5 Rxh2 35. Rxa7 Rc2 36. c6 h5 37. Kb7 Rb2+ 38. Kc8 h4 39. Rb7 Rc2
40. c7 h3 41. Kb8 h2 42. Rb1 h1=Q 43. Rxh1 Rb2+ 44. Kc8 e6 45. Rh8+ Ke7 46. Rd8
Rb3 47. Rd7+ Ke8 48. Rd4 Rxf3 49. Rb4 Rc3 50. Kb8 Ke7 51. c8=Q Rxc8+ 52. Kxc8
Kd6 53. Rb7 f6 54. Rb6+ Ke5 55. Kd7 Kxe4 56. Kxe6 f5 57. Rb4+ Ke3 58. Ke5 Kf3
59. Rc4 Kg3 60. Rf4 Kh3 61. Kf6 Kg3 62. Kg5 {Black resigns} 1-0

[Event "Team 45 45 League T40"]
[Site "Internet Chess Club"]
[Date "2009.02.15"]
[Round "3"]
[White "rubo"]
[Black "DaveTheRook"]
[Result "1/2-1/2"]
[WhiteElo "1728"]
[BlackElo "1691"]
[Opening "Bird's opening"]
[ECO "A03"]
[Time "15:01:49"]
[TimeControl "2700+45"]

1. f4 d5 2. Nf3 Nf6 3. e3 g6 4. b3 Bg7 5. Bb2 O-O 6. Be2 Nbd7 7. O-O c5 8. c4 e6
9. Na3 b6 10. cxd5 exd5 11. Ne5 Bb7 12. Bf3 Nxe5 13. Bxe5 Ne4 14. Bxg7 Kxg7 15.
d3 Nd6 16. Nc2 Re8 17. Qd2 Qf6 18. Rab1 Nf5 19. Rfe1 Rab8 20. g4 Nd6 21. g5 Qe7
22. Qg2 Nf5 23. Bxd5 Nh4 24. Qh1 Bxd5 25. Qxd5 Rbd8 26. Qh1 Rxd3 27. Re2 Qd7 28.
Rbe1 Qg4+ 29. Kf2 Qh3 30. Rg1 Qd7 31. Na3 Qh3 32. Rg3 Qd7 33. Nc4 Rd1 34. Ne5
Rxe5 35. Rg1 Rxg1 36. Qxg1 Rd5 37. Qa1+ Kg8 38. e4 {Game drawn by mutual
agreement} 1/2-1/2

[Event "Team 45 45 League T40"]
[Site "Internet Chess Club"]
[Date "2009.02.15"]
[Round "3"]
[White "reverendjim"]
[Black "Fourclub"]
[Result "0-1"]
[WhiteElo "1293"]
[BlackElo "1386"]
[Opening "Nimzo-Indian: 4.e3, main line"]
[ECO "E59"]
[Time "11:04:34"]
[TimeControl "2700+45"]

1. d4 Nf6 2. c4 e6 3. Nc3 Bb4 4. e3 O-O 5. Bd3 d5 6. Nf3 c5 7. O-O Nc6 8. a3
Bxc3 9. bxc3 dxc4 10. Bxc4 Qc7 11. a4 e5 12. Ba3 b6 13. Qc2 exd4 14. cxd4 Na5
15. dxc5 bxc5 16. Rfe1 Kh8 17. Rac1 Nxc4 18. Qxc4 Nd7 19. Qh4 Bb7 20. Ng5 h6 21.
Ne4 Bxe4 22. Qxe4 Qa5 23. h3 Rac8 24. Red1 Rfd8 25. Qe7 Qxa4 26. Rxd7 Rxd7 27.
Qe5 Qxa3 28. Rxc5 Rxc5 29. Qe8+ Kh7 30. Qxd7 Rc1+ 31. Kh2 Qa2 32. Qf5+ g6 33.
Qe4 {White resigns} 0-1

[Event "Team 45 45 League T40"]
[Site "Internet Chess Club"]
[Date "2009.02.16"]
[Round "3"]
[White "theartist"]
[Black "chips"]
[Result "0-1"]
[WhiteElo "1180"]
[BlackElo "1209"]
[Opening "Queen's pawn: English defense"]
[ECO "A40"]
[Time "16:05:09"]
[TimeControl "2700+45"]

1. d4 b6 2. e4 d5 3. Nc3 dxe4 4. Nxe4 Bb7 5. Bb5+ Bc6 6. Bxc6+ Nxc6 7. Nf3 Qd5
8. Nc3 Qe6+ 9. Be3 Qg4 10. O-O e6 11. h3 Qf5 12. a3 O-O-O 13. Ne2 Na5 14. Qd3
Qxd3 15. cxd3 f6 16. Rac1 Ne7 17. b4 Nac6 18. Nf4 e5 19. Ne6 Rd6 20. Nxf8 Rxf8
21. dxe5 Rxd3 22. b5 Nxe5 23. Nxe5 fxe5 24. a4 Nd5 25. Bf4 Nxf4 26. Rc6 Rf7 27.
Re6 {White resigns} 0-1

[Event "Team 45 45 League T40"]
[Site "Internet Chess Club"]
[Date "2009.02.14"]
[Round "3"]
[White "JimGaming"]
[Black "arconia"]
[Result "0-1"]
[WhiteElo "1307"]
[BlackElo "1429"]
[Opening "Sicilian: Grand Prix attack"]
[ECO "B23"]
[Time "14:13:07"]
[TimeControl "2700+45"]

1. e4 c5 2. Nc3 Nc6 3. f4 e6 4. Nf3 d6 5. Bb5 Be7 6. O-O Nf6 7. d3 O-O 8. Bxc6
bxc6 9. Qe1 Bb7 10. e5 Nd5 11. Ne4 c4 12. d4 dxe5 13. fxe5 Qb6 14. c3 c5 15. Nd6
Bc6 16. Nxc4 Qd8 17. b3 f6 18. exf6 Rxf6 19. Nfe5 Rxf1+ 20. Kxf1 Bb7 21. Bd2
cxd4 22. cxd4 Nf6 23. Bc3 Qd5 24. Ne3 Qe4 25. Qe2 Ng4 26. N3xg4 Rf8+ 27. Kg1
Qxe2 28. Nf3 Bxf3 29. gxf3 Qxf3 30. Rf1 Qxg4+ 31. Kh1 Rxf1# {White checkmated}
0-1

[Event "Team 45 45 League T40"]
[Site "Internet Chess Club"]
[Date "2009.02.14"]
[Round "3"]
[White "MeansToAnEnd"]
[Black "bowwrestler"]
[Result "0-1"]
[WhiteElo "1118"]
[BlackElo "1049"]
[Opening "Sicilian defense"]
[ECO "B40"]
[Time "17:00:19"]
[TimeControl "2700+45"]

1. e4 c5 2. Nf3 e6 3. Bc4 Nc6 4. a3 d5 5. exd5 exd5 6. Bb5 Bg4 7. Qe2+ Be7 8.
Bxc6+ bxc6 9. O-O Nf6 10. h3 Bh5 11. d3 O-O 12. Re1 Re8 13. Bg5 Bd6 14. Qxe8+
Qxe8 15. Rxe8+ Nxe8 16. Nc3 f6 17. Bd2 Rb8 18. Na4 Bxf3 19. gxf3 Nc7 20. Be3 Ne6
21. b3 d4 22. Bd2 Re8 23. Re1 Kf7 24. c4 Bf4 25. Bxf4 Nxf4 26. Kh2 Nxd3 27. Rxe8
Kxe8 28. Kg2 Ke7 29. Kg3 Ke6 30. f4 g5 31. fxg5 fxg5 32. f3 h6 33. Kg4 Kf6 34.
Kh5 Kg7 35. b4 cxb4 36. axb4 Nxb4 37. Nc5 d3 38. Ne6+ Kh7 39. Nd4 d2 40. Nf5
d1=Q 41. Nxh6 Qxf3+ 42. Ng4 Qxh3+ 43. Kxg5 Qg3 44. c5 a5 {White resigns} 0-1

[Event "Team 45 45 League T40"]
[Site "Internet Chess Club"]
[Date "2009.02.15"]
[Round "3"]
[White "Morovon23"]
[Black "Chessduke"]
[Result "1-0"]
[WhiteElo "2166"]
[BlackElo "2113"]
[Opening "QGD semi-Slav: Meran variation"]
[ECO "D47"]
[Time "12:02:30"]
[TimeControl "2700+45"]

1. d4 d5 2. c4 c6 3. Nf3 Nf6 4. e3 e6 5. Nc3 Nbd7 6. Bd3 dxc4 7. Bxc4 b5 8. Be2
a6 9. e4 c5 10. e5 cxd4 11. Qxd4 Bc5 12. Qh4 Ng8 13. Qxd8+ Kxd8 14. Ne4 Be7 15.
O-O Bb7 16. Nd6 Bxd6 17. exd6 Ngf6 18. Rd1 Nd5 19. Bd2 f6 20. Nd4 Re8 21. Rac1
N7b6 22. Ba5 Rc8 23. Bf3 Kd7 24. Bxb6 Kxd6 25. Rxc8 Rxc8 26. Re1 Re8 27. Nf5+
Kd7 28. Nxg7 {Black resigns} 1-0

[Event "Team 45 45 League T40"]
[Site "Internet Chess Club"]
[Date "2009.02.14"]
[Round "3"]
[White "Legal"]
[Black "DaPaz"]
[Result "1-0"]
[WhiteElo "2018"]
[BlackElo "2100"]
[Opening "Sicilian: Nimzovich-Rubinstein variation"]
[ECO "B29"]
[Time "10:05:09"]
[TimeControl "2700+45"]

1. e4 c5 2. Nf3 Nf6 3. Nc3 d5 4. e5 Ne4 5. Bb5+ Nc6 6. Qe2 Nxc3 7. dxc3 a6 8.
Bxc6+ bxc6 9. h3 g6 10. O-O Bg7 11. Bf4 a5 12. Rfe1 a4 13. Qe3 Qb6 14. Bh6 O-O
15. Bxg7 Kxg7 16. b4 axb3 17. axb3 Bf5 18. b4 Bxc2 19. bxc5 Qb2 20. Rxa8 Rxa8
21. Nd4 Ba4 22. f4 Bb5 23. f5 Ra2 24. f6+ Kf8 25. fxe7+ Ke8 26. Qg3 Ra1 27. Rxa1
Qxa1+ 28. Kh2 Qa7 29. e6 fxe6 30. Nxe6 Qxe7 31. Nd4 Kf7 32. Nxb5 cxb5 33. c6 h6
34. Qf4+ Ke6 35. Qxh6 Qf7 36. h4 Kf5 37. Qg5+ Ke4 38. Qg4+ Ke5 39. Qg3+ Ke4 40.
Qf3+ {Black resigns} 1-0

[Event "Team 45 45 League T40"]
[Site "Internet Chess Club"]
[Date "2009.02.15"]
[Round "3"]
[White "trucazzo"]
[Black "LubanaColorok"]
[Result "1-0"]
[WhiteElo "2047"]
[BlackElo "2053"]
[Opening "Queen's pawn game, Rubinstein (Colle-Zukertort) variation"]
[ECO "D05"]
[Time "08:24:05"]
[TimeControl "2700+45"]

1. d4 d5 2. Nf3 Nf6 3. e3 e6 4. Bd3 c5 5. b3 Nc6 6. Bb2 a6 7. O-O Nb4 8. Be2 b6
9. a3 Nc6 10. Nbd2 Bb7 11. Bd3 g6 12. c4 dxc4 13. bxc4 Bg7 14. Qe2 O-O 15. Rfd1
Qc7 16. dxc5 bxc5 17. Nb3 Na5 18. Nxa5 Qxa5 19. e4 Nh5 20. Rab1 Nf4 21. Qe3 Nxd3
22. Bxg7 Bxe4 23. Bf6 g5 24. Qxg5+ Bg6 25. Qh6 {Black resigns} 1-0

[Event "Team 45 45 League T40"]
[Site "Internet Chess Club"]
[Date "2009.02.16"]
[Round "3"]
[White "parrot9"]
[Black "PopolVuh"]
[Result "0-1"]
[WhiteElo "1694"]
[BlackElo "1873"]
[Opening "Budapest defense declined"]
[ECO "A51"]
[Time "16:03:37"]
[TimeControl "2700+45"]

1. d4 Nf6 2. c4 e5 3. d5 b5 4. cxb5 a6 5. Nc3 Bb4 6. Bg5 axb5 7. e4 c6 8. Qb3
Qa5 9. Bxf6 gxf6 10. Nf3 Na6 11. Bd3 Nc5 12. Qc2 cxd5 13. exd5 Bb7 14. O-O Bxc3
15. bxc3 Bxd5 16. Bxh7 Qa4 17. Qf5 Bxf3 18. Qxf6 Rxh7 19. Qxe5+ Ne6 20. gxf3
O-O-O 21. Rab1 Rg8+ 22. Kh1 Qf4 23. Qxf4 Nxf4 24. Rxb5 Rg2 25. Rc5+ Kd8 {White
resigns} 0-1

[Event "Team 45 45 League T40"]
[Site "Internet Chess Club"]
[Date "2009.02.15"]
[Round "3"]
[White "proudchess"]
[Black "iasonmessinis"]
[Result "0-1"]
[WhiteElo "1946"]
[BlackElo "2196"]
[Opening "Sicilian: Najdorf, 6.f4"]
[ECO "B84"]
[Time "15:05:52"]
[TimeControl "2700+45"]

1. e4 c5 2. Nf3 d6 3. d4 cxd4 4. Nxd4 Nf6 5. Nc3 a6 6. f4 e6 7. Be2 Be7 8. O-O
Qc7 9. Kh1 O-O 10. a4 Nc6 11. Be3 Bd7 12. Nb3 b6 13. Bf3 Bc8 14. g4 Bb7 15. g5
Nd7 16. Qe2 Nc5 17. Qg2 f5 18. exf5 Rxf5 19. Ne2 Raf8 20. Nbd4 Nxd4 21. Nxd4
Bxf3 22. Rxf3 R5f7 23. b4 e5 24. fxe5 Rxf3 25. Nxf3 Ne4 26. exd6 Bxd6 27. Nd2
Qc3 28. Re1 Nf2+ 29. Bxf2 Qxd2 30. Bg3 Bxb4 31. Qxd2 Bxd2 32. Re6 Ba5 33. Rc6
Rf5 34. Rc8+ Kf7 35. Rc7+ Kg6 36. h4 Rc5 37. c4 Rxc7 38. Bxc7 Be1 39. Bxb6 Bxh4
40. c5 Kf5 41. c6 Ke6 42. g6 hxg6 43. Kg2 Kd6 44. c7 Kd7 45. Kh3 Be1 46. Kg4 Bd2
47. a5 Kc8 48. Kf3 g5 49. Ke4 g6 50. Kd5 Bf4 51. Kc6 g4 52. Bg1 Bxc7 53. Be3
Bxa5 54. Bf4 Bd8 55. Bg3 a5 56. Kb5 Kd7 57. Be1 Ke6 58. Bg3 Kf5 59. Bf2 Ke4 60.
Kc6 Kf3 61. Bg1 Bh4 62. Kb5 Be1 63. Bc5 g3 64. Kc4 Bf2 {White resigns} 0-1

[Event "Team 45 45 League T40"]
[Site "Internet Chess Club"]
[Date "2009.02.14"]
[Round "3"]
[White "JoshRom"]
[Black "tsia68"]
[Result "1/2-1/2"]
[WhiteElo "2046"]
[BlackElo "1913"]
[Opening "Caro-Kann: classical, 6.h4"]
[ECO "B18"]
[Time "14:09:37"]
[TimeControl "2700+45"]

1. e4 c6 2. d4 d5 3. Nc3 dxe4 4. Nxe4 Bf5 5. Ng3 Bg6 6. h4 h6 7. h5 Bh7 8. Nf3
Nd7 9. Bd3 Bxd3 10. Qxd3 Ngf6 11. Be3 Qa5+ 12. Bd2 Qc7 13. O-O-O O-O-O 14. Qa3
Kb8 15. Ne5 e6 16. Qf3 Nxe5 17. dxe5 Nd5 18. Ne4 Ka8 19. c4 Nb6 20. c5 Na4 21.
Be3 Rd5 22. Rxd5 cxd5 23. Nd6 Nxc5 24. Nxf7 Nd3+ 25. Kb1 Nxe5 26. Nxe5 Qxe5 27.
Rc1 Bd6 28. Qg4 Qf6 29. Qa4 a6 30. Rc6 bxc6 31. Qxc6+ Kb8 32. Qxd6+ Kc8 33. Qc6+
Kb8 34. Qb6+ Kc8 35. Qxa6+ Kd7 36. Qb7+ Kd6 37. Qb6+ Kd7 38. Qb7+ Kd6 39. Qb6+
Kd7 40. Qb7+ {Game drawn by repetition} 1/2-1/2

[Event "Team 45 45 League T40"]
[Site "Internet Chess Club"]
[Date "2009.02.14"]
[Round "3"]
[White "markgravitygood"]
[Black "primerpaso"]
[Result "1-0"]
[WhiteElo "1776"]
[BlackElo "1760"]
[Opening "Sicilian: Canal-Sokolsky (Nimzovich-Rossolimo, Moscow) attack"]
[ECO "B51"]
[Time "13:14:25"]
[TimeControl "2700+45"]

1. e4 c5 2. Nf3 d6 3. Bb5+ Nd7 4. c3 a6 5. Ba4 g6 6. O-O Bg7 7. d4 b5 8. Bc2 Bb7
9. Re1 Qc7 10. a4 b4 11. cxb4 cxb4 12. a5 Ngf6 13. Bd2 Rb8 14. Bd3 Bc8 15. Qb3
O-O 16. Ra4 e5 17. Rc1 Qa7 18. Rxb4 exd4 19. Rxb8 Nxb8 20. Bf4 Rd8 21. Bxd6 Be6
22. Qb4 Ne8 23. Bg3 Nd7 24. b3 Nf8 25. Qb6 Qxb6 26. axb6 Nd7 27. b7 Nb8 28. Ng5
Bd7 29. Bc4 Bc6 30. Nxf7 {Black resigns} 1-0